 Dungeon Crawl Stone Soup version 0.22.0-49-gab54619 (webtiles) character file.

276 MaCrawler the Ducker (level 6, 0/50 HPs)
             Began as a Draconian Warper on Sept 3, 2018.
             Was a Follower of the Shining One.
             Killed from afar by an orc wizard (9 damage)
             ... with a magic dart
             ... on level 4 of the Dungeon.
             The game lasted 00:27:45 (3039 turns).

MaCrawler the Ducker (Draconian Warper)             Turns: 3039, Time: 00:27:46

Health: 0/50       AC:  6    Str: 14    XL:     6   Next: 4%
Magic:  9/9        EV: 10    Int: 15    God:    the Shining One [*.....]
Gold:   121        SH: 13    Dex: 10    Spells: 2/9 levels left

rFire    . . .     SeeInvis .   a - +0 hand axe
rCold    . . .     Gourm    .   h - +0 shield
rNeg     . . .     Faith    .   (armour unavailable)
rPois    .         Spirit   .   (helmet restricted)
rElec    .         Reflect  +   (no cloak)
rCorr    .         Harm     .   (no gloves)
MR       .....                  (no boots)
Stlth    +.........             b - +5 amulet of reflection
HPRegen  0.16/turn              (no ring)
MPRegen  0.11/turn              (no ring)

@: about to teleport, glowing
A: unfitting armour, cold-blooded, AC +6
a: Renounce Religion


You were on level 4 of the Dungeon.
You worshipped the Shining One.
The Shining One was aware of your devotion.
You were hungry.

You visited 1 branch of the dungeon, and saw 4 of its levels.

You collected 121 gold pieces.

Inventory:

Hand Weapons
 a - a +0 hand axe (weapon)
Missiles
 d - 5 tomahawks of dispersal (quivered)
Armour
 h - a +0 shield (worn)
Jewellery
 b - a +5 amulet of reflection (around neck)
 m - a cursed amulet of the acrobat {unknown}
 u - an uncursed amulet of guardian spirit {unknown}
Wands
 o - a wand of iceblast (18)
 s - a wand of flame (15)
Scrolls
 c - 2 scrolls of blinking
 i - a scroll of random uselessness
 k - a scroll of amnesia {unknown}
 n - 2 scrolls of immolation
 r - a scroll of fear {unknown}
Potions
 g - a potion of cancellation {unknown}
 j - 4 potions of heal wounds {unknown}
 l - 3 potions of curing {unknown}
 p - 3 potions of invisibility {unknown}
 q - a potion of agility {unknown}
 t - a potion of flight {unknown}
Comestibles
 f - 2 rations


   Skills:
 + Level 2.9 Fighting
 + Level 3.2 Axes
 + Level 0.8 Throwing
 + Level 3.3 Dodging
 + Level 0.5 Stealth
 + Level 2.6 Shields
 + Level 2.4 Spellcasting
 + Level 3.2 Translocations
 + Level 1.4 Evocations


You had 2 spell levels left.
You knew the following spells:

 Your Spells              Type           Power        Failure   Level  Hunger
a - Blink                 Tloc           N/A          38%         2    ###....
b - Shroud of Golubria    Chrm/Tloc      #.........   63%         2    ###....
c - Teleport Other        Tloc           ##......     63%         3    ###....

Your spell library contained the following spells:

 Spells                   Type           Power        Failure   Level  Hunger
 Magic Dart               Conj           #...         71%         1    #......
 Call Imp                 Summ           #.......     85%         2    ###....
 Slow                     Hex            #.......     85%         2    ###....
 Gell's Gravitas          Tloc           ##........   63%         3    ###....
 Lesser Beckoning         Tloc           ##........   63%         3    ###....
 Passage of Golubria      Tloc           N/A          95%         4    #####..
 Conjure Flame            Conj/Fire      #.......     97%         3    ###....
 Mephitic Cloud           Conj/Pois/Air  #.......     97%         3    ###....


Dungeon Overview and Level Annotations

Branches:
Dungeon (4/15)
 Temple: D:4-7

Altars:
Yredelemnul
The Shining One


Innate Abilities, Weirdness & Mutations

Your plain brown scales are hard. (AC +6)
You cannot fit into any form of body armour.
You are cold-blooded and may be slowed by cold attacks.


Message History

You hit the orc priest.
The orc priest is severely wounded.
The orc wizard mumbles some strange words.
The orc wizard blinks!
The orc priest invokes the aid of Beogh against you.
Beogh smites you!
* * * LOW HITPOINT WARNING * * *
The orc priest hits you but does no damage.
The orc wizard gestures at you while chanting.
The magic dart hits you!
* * * LOW HITPOINT WARNING * * *
As you read the scroll of teleportation, it crumbles to dust.
You feel strangely unstable.
The orc wizard gestures at you while chanting.
You resist with some effort. You block the orc priest's attack.
The orc priest calls upon Beogh to heal the orc priest.
The orc priest is healed somewhat.
The orc wizard points at you and mumbles some strange words.
The magic dart hits you!
You die...

#.# ####.# #... #....#
#..# #.#### #..#
##...## #..# ##.....##
#..# ##.......## #..#
#####.........####..##
#............@.oo.†..#
#.###......o..##o....#
#.# ##.......###.#.#.#
##.#####.....##
#.#.#.# #...........##
#.#.# # #..##########
#.#o# #..## #o#.#
###...# #.#.# ....#.#


You could see 2 orc priests, an orc wizard and an orc.

Vanquished Creatures
  A phantom (D:4)
  A bullfrog (D:4)
  Jessica (D:3)
  A hound skeleton (D:4)
  4 adders
  An ooze (D:2)
  A dart slug (D:2)
  4 leopard geckos
  2 orcs (D:3)
  2 bats (D:3)
  A giant cockroach (D:3)
  2 gnoll zombies (D:3)
  3 goblins
  5 kobolds
  4 quokkas
  A ball python (D:3)
  4 frilled lizards
  A quokka skeleton (D:4)
  4 rats
43 creatures vanquished.

Notes
Turn   | Place    | Note
-------+----------+-------------------------------------------
     0 | D:1      | MaCrawler the Draconian Warper began the quest for the Orb.
     0 | D:1      | Reached XP level 1. HP: 17/17 MP: 3/3
    97 | D:1      | You fall through a shaft!
   165 | D:2      | Reached XP level 2. HP: 14/24 MP: 5/5
   403 | D:2      | Found a glowing golden altar of the Shining One.
   475 | D:2      | Became a worshipper of the Shining One
  1030 | D:2      | Learned a level 2 spell: Blink
  1033 | D:2      | Learned a level 2 spell: Shroud of Golubria
  1411 | D:3      | Reached XP level 3. HP: 29/29 MP: 6/6
  2044 | D:3      | Found a basalt altar of Yredelemnul.
  2110 | D:3      | Noticed Jessica
  2119 | D:3      | Killed Jessica
  2119 | D:3      | Reached skill level 1 in Shields
  2119 | D:3      | Reached XP level 4. HP: 22/37 MP: 2/7
  2518 | D:4      | Noticed a bullfrog
  2535 | D:4      | Killed a bullfrog
  2535 | D:4      | Reached skill level 1 in Evocations
  2535 | D:4      | Reached XP level 5. HP: 28/42 MP: 2/8
  2671 | D:4      | Noticed a phantom
  2751 | D:4      | Killed a phantom
  2955 | D:4      | Reached XP level 6. HP: 39/50 MP: 9/9
  2962 | D:4      | Learned a level 3 spell: Teleport Other
  3025 | D:4      | Reached * piety under the Shining One
  3039 | D:4      | Killed from afar by an orc wizard

Skill      XL: |  1  2  3  4 |
---------------+-------------+-----
Shields        | 1 2 |  2.6
Axes           | 3 |  3.2
Dodging        | 3 |  3.3
Evocations     | 1 |  1.4
Fighting       | |  2.9
Throwing       | |  0.8
Stealth        | |  0.5
Spellcasting   | |  2.4
Translocations | |  3.2

Action                   |  1- 3 |  4- 6 || total
-------------------------+-------+-------++-------
Melee: Hand axe          |    98 |    57 ||   155
       Tailslap          |    10 |     6 ||    16
 Cast: Blink             |     2 |     4 ||     6
Evoke: Wand              |     3 |    16 ||    19
  Use: Scroll            |     3 |     1 ||     4
  Eat: Ration            |     2 |       ||     2
Armor: Skin              |    23 |     9 ||    32
Dodge: Dodged            |    39 |     9 ||    48
Block: Shield            |    56 |    46 ||   102
       Other             |     2 |       ||     2
       Reflection        |     6 |       ||     6
